 Dungeon Crawl Stone Soup version 0.13.0-11-g0187522 (webtiles) character file.

1557 Lilouch the Covered (level 8, -7/48 HPs)
             Began as a Gargoyle Fighter on Oct 18, 2013.
             Was an Initiate of Okawaru.
             Mangled by an orc warrior
             ... wielding a +1,+1 orcish glaive of protection
              (13 damage)
             ... on Level 6 of the Dungeon.
             The game lasted 00:17:21 (4205 turns).

Lilouch the Covered (Gargoyle Fighter)              Turns: 4205, Time: 00:17:21

HP  -7/48        AC 15     Str 21      XL: 8   Next: 60%
MP   7/7         EV  6     Int 10      God: Okawaru [......]
Gold 232         SH 21     Dex  9      Spells:  0 memorised,  7 levels left

Res.Fire  : . . .   See Invis. : .   b - +0,+2 orc flail
Res.Cold  : . . .   Warding    : .   l - +0 chain mail
Life Prot.: + . .   Conserve   : .   c - +0 shield (curse)
Res.Poison: +       Res.Corr.  : .   (no helmet)
Res.Elec. : +       Clarity    : .   (no cloak)
Sust.Abil.: . .     Spirit.Shd : .   (no gloves)
Res.Mut.  : .       Stasis     : .   (no boots)
Res.Rott. : +       Flight     : .   (no amulet)
Saprovore : . . .                    (no ring)
                                     (no ring)

@: slightly resistant to hostile enchantments, extremely unstealthy
A: fangs 1, talons 2, life protection 1, electricity resistance, slow metabolism
1, unbreathing, petrification resistance, AC +5
a: Renounce Religion


You were on level 6 of the Dungeon.
You worshipped Okawaru.
Okawaru was noncommittal.
You were not hungry.

You visited 2 branches of the dungeon, and saw 7 of its levels.

You collected 212 gold pieces.

Inventory:

Hand weapons
 b - a +0,+2 orcish flail (weapon)
Missiles
 e - 13 silver darts (quivered)
Armour
 c - a cursed +0 shield (worn)
 l - a +0 chain mail (worn)
Magical devices
 a - a wand of cold (5) {unknown}
 L - a wand of lightning (4) {unknown}
Comestibles
 d - 5 bread rations
 j - a meat ration
 s - a choko
Scrolls
 f - 8 scrolls of identify {unknown}
 g - 5 scrolls of remove curse {unknown}
 n - 3 scrolls of recharging {unknown}
 o - 3 scrolls of random uselessness {unknown}
 A - a scroll of enchant armour {unknown}
 D - a scroll of teleportation {unknown}
 F - a scroll of noise {unknown}
 G - a scroll of magic mapping {unknown}
 H - 2 scrolls of amnesia {unknown}
 I - a scroll of fog {unknown}
 K - a scroll of curse weapon {unknown}
Jewellery
 h - an uncursed ring of protection from magic {unknown}
 t - an uncursed ring of sustain abilities {unknown}
 u - a +4 ring of strength {unknown}
 x - an uncursed ring of sustain abilities {unknown}
 y - a +4 ring of protection {unknown}
 J - a +5,+6 ring of slaying {unknown}
Potions
 i - 2 potions of invisibility {unknown}
 m - 2 potions of heal wounds {unknown}
 p - a potion of agility {unknown}
 q - 3 potions of poison {unknown}
 r - a potion of cure mutation {unknown}
 w - a potion of speed {unknown}
 z - 2 potions of might {unknown}
 B - a potion of flight {unknown}
 C - 3 potions of confusion {unknown}
 E - a potion of resistance {unknown}
Miscellaneous
 v - a plain deck of changes


   Skills:
 - Level 3.4 Fighting
 + Level 6.8 Maces & Flails
 + Level 7.2 Armour
 + Level 7.1 Shields


You had 7 spell levels left.
You didn't know any spells.

Dungeon Overview and Level Annotations

Branches:
Dungeon (6/27)             Temple (1/1) D:4
    Orc: D:6-11

Altars:
Ashenzari
Cheibriados
Fedhas
Kikubaaqudgha
Makhleb
Nemelex Xobeh
Okawaru
Vehumet
Xom
Yredelemnul
Zin


Innate Abilities, Weirdness & Mutations

You are resistant to torment.
You are immune to poison.
Your stone body is very resilient (AC +5).
You have very sharp teeth.
You have razor-sharp toenails.
You resist negative energy.
You are resistant to electric shocks.
You have a slow metabolism.
You can survive without breathing.
You are immune to petrification.


Message History

You block the orc warrior's attack.
You closely miss the orc wizard. Your kick misses the orc wizard.
You block the orc warrior's attack.
The orc wizard picks up a dagger.
You hit the orc wizard.
The orc wizard is lightly wounded.
The orc warrior hits you with a runed orcish glaive!
You block the orc wizard's attack. The rat skeleton bites you.
You thump the orc wizard! You claw the orc wizard.
The orc wizard is severely wounded.
The orc wizard closely misses you. The orc warrior barely misses you.
The rat skeleton barely misses you.
You thump the orc wizard!
You kill the orc wizard!
Okawaru accepts your kill.
The orc warrior hits you with a runed orcish glaive!
You block the rat skeleton's attack.
The orc warrior hits you from afar with a runed orcish glaive!
* * * LOW HITPOINT WARNING * * *
The orc warrior hits you from afar with a runed orcish glaive!
You die...

#.........# #.....
#.........####.....
#.###..............
#.# ###############
#.# # #.# # #.#
#######.############
.........@..z.......#
...................#
..........o........#
#######.....)......#
................#
....................
....................
..................?
.......###.......


You could see an orc warrior and a rat skeleton.

Vanquished Creatures
  The ghost of Leibowitz the Ducker, an average KoBe of Trog (D:4)
  Menkaure (D:6)
  An ogre (D:4)
  3 centaurs
  Blork the orc (D:6)
  2 crimson imps
  A hound (D:5)
  An iguana (D:6)
  2 orc wizards
  2 scorpions (D:4)
  4 worker ants
  Ijyb (D:4)
  Jessica (D:2)
  An ogre zombie (D:5)
  A hound skeleton (D:5)
  3 gnolls (D:6)
  8 adders
  3 worms
  A giant eyeball (D:4)
  3 giant geckos
  3 oozes
  10 orcs
  A bat skeleton (D:6)
  6 giant cockroaches
  13 goblins
  8 hobgoblins
  8 jackals
  3 quokkas
  4 training dummies (D:6)
  5 ball pythons
  13 bats
  4 giant newts
  16 kobolds
  An orc skeleton (D:6)
  14 rats
150 creatures vanquished.

Notes
Turn   | Place    | Note
--------------------------------------------------------------
     0 | D:1      | Lilouch, the Gargoyle Fighter, began the quest for the Orb.
     0 | D:1      | Reached XP level 1. HP: 14/14 MP: 0/0
    92 | D:1      | Reached XP level 2. HP: 19/19 MP: 1/1
   521 | D:1      | Reached XP level 3. HP: 24/24 MP: 2/2
   650 | D:2      | Reached skill level 4 in Shields
   654 | D:2      | Noticed Jessica
   662 | D:2      | Killed Jessica
   782 | D:2      | Reached XP level 4. HP: 28/28 MP: 3/3
   859 | D:2      | Found a sparkling altar of Nemelex Xobeh.
  1026 | D:2      | Reached XP level 5. HP: 22/33 MP: 4/4
  2232 | D:4      | Reached XP level 6. HP: 31/38 MP: 5/5
  2248 | D:4      | Noticed Leibowitz's ghost (average KoBe)
  2271 | D:4      | Killed Leibowitz's ghost
  2271 | D:4      | Reached skill level 5 in Armour
  2271 | D:4      | Reached skill level 5 in Shields
  2278 | D:4      | Reached XP level 7. HP: 11/42 MP: 6/6
  2319 | D:4      | Reached skill level 5 in Maces & Flails
  2514 | D:4      | Found a staircase to the Ecumenical Temple.
  2552 | Temple   | Entered the Ecumenical Temple
  2756 | D:4      | Noticed Ijyb
  2768 | D:4      | Killed Ijyb
  2791 | D:4      | Found a shimmering altar of Xom.
  2860 | D:4      | Reached skill level 6 in Armour
  2993 | D:5      | Entered Level 5 of the Dungeon
  3582 | D:5      | Reached XP level 8. HP: 48/48 MP: 7/7
  3830 | D:6      | Noticed Blork the orc
  3839 | D:6      | Killed Blork the orc
  3965 | D:6      | Found an iron altar of Okawaru.
  3986 | D:6      | Became a worshipper of Warmaster Okawaru
  4139 | D:6      | Noticed Menkaure
  4146 | D:6      | Killed Menkaure
  4146 | D:6      | Reached skill level 7 in Armour
  4205 | D:6      | Mangled by an orc warrior

Action                   |  1- 3 |  4- 6 |  7- 9 || total
-------------------------+-------+-------+-------++-------
Melee: Mace              |    74 |   153 |       ||   227
       Flail             |       |    57 |   191 ||   248
  Use: Potion            |       |       |     1 ||     1
